 Dungeon Crawl Stone Soup version 0.22.0-13-g43fe8f24b8 (webtiles) character file.

44 Kirk the Magician (level 3, -3/24 HPs)
             Began as a Mummy Wizard on Aug 16, 2018.
             Slain by an iguana (11 damage)
             ... on level 2 of the Dungeon.
             The game lasted 00:05:20 (1604 turns).

Kirk the Magician (Mummy Wizard)                    Turns: 1604, Time: 00:05:21

Health: -3/24      AC:  2    Str: 10    XL:     3   Next: 41%
Magic:  1/9        EV: 12    Int: 18    God:
Gold:   75         SH:  6    Dex: 10    Spells: 11/12 levels left

rFire    x . .     SeeInvis .   j - +1 whip (flame)
rCold    + . .     Gourm    .   (no shield)
rNeg     + + +     Faith    .   a - +0 robe
rPois    ∞         Spirit   .   b - +0 hat
rElec    .         Reflect  +   (no cloak)
rCorr    .         Harm     .   (no gloves)
MR       .....                  (no boots)
Stlth    ++........             h - +6 amulet of reflection
HPRegen  0.08/turn              (no ring)
MPRegen  0.11/turn              (no ring)

@: no status effects
A: no food or potions, fire vulnerability, cold resistance 1, negative energy
resistance 3, torment resistance, unbreathing
a: no special abilities


You were on level 2 of the Dungeon.
You were not hungry.

You visited 1 branch of the dungeon, and saw 2 of its levels.

You collected 75 gold pieces.

Inventory:

Hand Weapons
 j - a +1 whip of flaming (weapon)
Armour
 a - a +0 robe (worn)
 b - a +0 hat (worn)
Jewellery
 h - a +6 amulet of reflection (around neck)
Scrolls
 d - a scroll of identify {unknown}
 e - 2 scrolls of teleportation {unknown}
 f - 2 scrolls of amnesia {unknown}
 g - a scroll of fear {unknown}
 i - a scroll of magic mapping {unknown}


   Skills:
 - Level 1.5 Dodging
 - Level 1.5 Stealth
 + Level 5.1 Spellcasting
 * Level 1.7 Conjurations
   Level 0.7 Summonings
   Level 0.7 Translocations


You had 11 spell levels left.
You knew the following spells:

 Your Spells              Type           Power        Failure   Level  Hunger
a - Magic Dart            Conj           ##..         6%          1    N/A

Your spell library contained the following spells:

 Spells                   Type           Power        Failure   Level  Hunger
 Conjure Flame            Conj/Fire      #.......     28%         3    N/A
 Slow                     Hex            #.......     21%         2    N/A
 Mephitic Cloud           Conj/Pois/Air  #.......     30%         3    N/A
 Blink                    Tloc           N/A          14%         2    N/A
 Call Imp                 Summ           #.......     14%         2    N/A

Dungeon Overview and Level Annotations

Branches:
Dungeon (2/15)

Altars:
Cheibriados
Gozag
Nemelex Xobeh
Sif Muna
Uskayaw
Vehumet


Innate Abilities, Weirdness & Mutations

You do not eat or drink.
Your flesh is vulnerable to fire.
You are immune to poison.
Your flesh is cold resistant. (rC+)
You are immune to negative energy. (rN+++)
You are immune to unholy pain and torment.
You can survive without breathing.


Message History

You can't drink.
You aren't carrying any items that you can evoke.
Unknown command.
Casting: Magic Dart (safe; 6% risk of failure)
Confirm with . or Enter, or press ? or * to list all spells.
Aiming: Magic Dart (safe; 6% risk of failure)
Press: ? - help, Shift-Dir - straight line, f/p - iguana
Aim: an iguana (heavily wounded)
The magic dart hits the iguana.
The iguana is heavily wounded.
You block the iguana's attack.
Casting: Magic Dart (safe; 6% risk of failure)
Confirm with . or Enter, or press ? or * to list all spells.
Aiming: Magic Dart (safe; 6% risk of failure)
Press: ? - help, Shift-Dir - straight line, f/p - iguana
Aim: an iguana (heavily wounded)
The magic dart hits the iguana.
The iguana is heavily wounded.
The iguana bites you!
You die...

#### ..... ### ..#..
#$....... #.#...#..
#........ #l# ##
###### #@# #. #....
#.########.##.#.
#..............
####.######.#.# #..#
##.#.# #.## ##.#..#
#####.### #.###.#
#...)...####.#.####
#....###....###.....#


You could see an iguana.

Vanquished Creatures
  An adder (D:2)
  An ooze (D:1)
  A worm (D:2)
  A ball python (D:1)
  A giant cockroach (D:1)
  7 goblins
  3 hobgoblins
  3 bats
  5 kobolds
  5 rats
28 creatures vanquished.

Notes
Turn   | Place    | Note
-------+----------+-------------------------------------------
     0 | D:1      | Kirk the Mummy Wizard began the quest for the Orb.
     0 | D:1      | Reached XP level 1. HP: 13/13 MP: 5/5
   109 | D:1      | Reached skill level 1 in Conjurations
   175 | D:1      | Reached XP level 2. HP: 19/19 MP: 1/7
  1026 | D:2      | Found a deep blue altar of Sif Muna.
  1030 | D:2      | Reached skill level 5 in Spellcasting
  1216 | D:2      | Reached XP level 3. HP: 24/24 MP: 5/9
  1217 | D:2      | Found a snail-covered altar of Cheibriados.
  1223 | D:2      | Found a sparkling altar of Nemelex Xobeh.
  1228 | D:2      | Found a radiant altar of Vehumet.
  1299 | D:2      | Found an opulent altar of Gozag.
  1572 | D:2      | Found a hide-covered altar of Uskayaw.
  1604 | D:2      | Slain by an iguana

Skill      XL: |  1  2 |
---------------+-------+-----
Conjurations   | 1 |  1.7
Spellcasting   | 5 |  5.1
Dodging        | |  1.5
Stealth        | |  1.5
Summonings     | |  0.7
Translocations | |  0.7

Action                   || total
-------------------------++-------
Melee: Dagger            ||    30
 Cast: Magic Dart        ||    91
Armor: Robe              ||     4
Dodge: Dodged            ||    41
Block: Other             ||     1
